 Dungeon Crawl Stone Soup version 0.26-a0-540-g8a0c9464d7 (webtiles) character file.

Game seed: 11584684005842747205

12225 ANON1729 the Covert (level 12, -5/109 HPs)
             Began as a Kobold Brigand on Aug 15, 2020.
             Was a Believer of Wu Jian.
             Killed from afar by a wretched star (18 damage)
             ... with a lance of force
             ... on level 3 of the Abyss.
             The game lasted 00:53:16 (17082 turns).

ANON1729 the Covert (Kobold Brigand)               Turns: 17082, Time: 00:53:16

Health: -5/109     AC: 26    Str:  8    XL:     12   Next: 17%
Magic:  12/12      EV:  3    Int: 13    God:    Wu Jian [**....]
Gold:   830        SH:  0    Dex: 21    Spells: 9/11 levels left

rFire    . . .     SeeInvis +   w - +3 dagger
rCold    . . .     Faith    .   (shield restricted)
rNeg     + + +     Spirit   .   (armour currently unavailable)
rPois    +         Reflect  .   (helmet currently unavailable)
rElec    .         Harm     .   (cloak currently unavailable)
rCorr    +         Rnd*Rage +   (gloves currently unavailable)
MR       .....     NoTele   +   (boots currently unavailable)
Stlth    +++++++...             (no amulet)
HPRegen  0.00/turn              C - ring of resist corrosion
MPRegen  0.13/turn              b - ring of see invisible

@: exhausted, tree-form, non-regenerating, diseased, hasted, very quick
A: small, berserk 1, nightstalker 3, evolution 1
a: Wall Jump, Renounce Religion


You were on level 3 of the Abyss.
You worshipped Wu Jian.
Wu Jian was pleased with you.
You were a tree.
You visited 2 branches of the dungeon, and saw 12 of its levels.
You visited the Abyss 1 time.
You also visited: Sewer.

You collected 990 gold pieces.
You spent 160 gold pieces at shops.

Inventory:

Hand Weapons
 v - a +1 spectral club
 w - a +3 dagger (weapon)
Missiles
 d - 34 poisoned darts (quivered)
Armour
 c - a +0 cloak (melded)
 e - a +0 buckler
 i - the +2 ring mail "Josonwo" {rCorr, unknown}
   (You found it on level 2 of the Abyss)

   It provides partial protection from all sources of acid and corrosion.
 m - a +0 pair of gloves (melded)
 n - a +2 hat (melded)
 G - the +0 robe "Vanon" (melded) {rN+}
   (You found it on level 7 of the Dungeon)

   It protects you from negative energy.
Jewellery
 b - a ring of see invisible (right branch)
 C - a ring of resist corrosion (left branch)
 F - an uncursed ring of flight
Wands
 a - a wand of digging (3)
 z - a wand of polymorph (12)
Scrolls
 g - 10 scrolls of remove curse
 k - a scroll of fog
 l - 4 scrolls of fear
 p - 4 scrolls of magic mapping
 q - 2 scrolls of enchant weapon
 u - a scroll of blinking
 y - a scroll of holy word
 D - a scroll of immolation
Potions
 h - 2 potions of flight
 t - a potion of brilliance
 x - a potion of lignification


   Skills:
 + Level 8.1 Fighting
 * Level 12.8 Short Blades
 + Level 8.0 Throwing
 + Level 8.6 Dodging
 * Level 14.4 Stealth


You had 9 spell levels left.
You knew the following spells:

 Your Spells              Type           Power        Failure   Level
a - Blink                 Tloc           N/A          43%         2

Your spell library contained the following spells:

 Spells                   Type           Power        Failure   Level
 Summon Small Mammal      Summ           #...         30%         1
 Call Imp                 Summ           #.......     43%         2
 Call Canine Familiar     Summ           #.......     67%         3
 Gell's Gravitas          Tloc           #.........   67%         3
 Lesser Beckoning         Tloc           #.........   67%         3
 Summon Guardian Golem    Hex/Summ       #.......     67%         3
 Teleport Other           Tloc           #.......     67%         3
 Passage of Golubria      Tloc           N/A          97%         4
 Summon Ice Beast         Ice/Summ       #.......     97%         4
 Summon Lightning Spire   Summ/Air       #.......     97%         4


Dungeon Overview and Level Annotations

Branches:
Dungeon (11/15)            Temple (1/1) D:5            Lair (0/6) D:8
    Orc (0/2) D:9           Sewer (visited)

Altars:
Ashenzari
Cheibriados
Dithmenos
Elyvilon
Fedhas
Gozag
Hepliaklqana
Kikubaaqudgha
Makhleb
Nemelex Xobeh
Okawaru
Qazlal
Ru
Sif Muna
Trog
Uskayaw
Vehumet
Wu Jian
Xom
Yredelemnul
Zin
The Shining One

Shops:
D:6 *   D:9 [

Annotations:
D:6 2 transporters, anet's ghost, novice GnWn
D:7 2 runed translucent doors
D:8 2 transporters
D:9 exclusions: 3 doors, hydra, ogre and player ghost, Utoh's ghost, novice DsTm
D:11 Erolcha


Innate Abilities, Weirdness & Mutations

You are small and have problems with some larger weapons.
You are completely attuned to the shadows.
You tend to lose your temper in combat.
((Armour fits poorly on your strangely shaped body.))
((Your flesh is heat resistant. (rF+)))
((You are resistant to electric shocks. (rElec)))
You evolve.


Message History

Evoke which item? (* to show all) (? for menu, Esc to quit)
Okay, then.
You barely miss the raiju.
The raiju is severely wounded.
The raiju bites you but does no damage.
You hit the raiju but do no damage.
The raiju is severely wounded.
The wretched star glows turbulently.
The lance of force hits you!
* * * LOW HITPOINT WARNING * * *
You puncture the raiju!
The raiju is almost dead.
You hit the raiju but do no damage.
The raiju is almost dead.
The raiju bites you but does no damage.
You hit the raiju but do no damage.
The raiju is almost dead.
The wretched star glows turbulently.
The lance of force hits you!!
You die...

#.# h..
# . # #.
# #.. #
#..# .
#..# ...
#h.##. .
#.*....#
#♣..#.
#h.##
##..#
#.## #.#
#.# #..


You could see a wretched star and 2 raiju.

Vanquished Creatures
  2 two-headed ogres
  The ghost of Ge0ff the Covert, a journeyman HuEn of Vehumet (D:10)
  A wretched star (Abyss:2)
  An unseen horror (D:11)
  Pikel (D:4)
  A gargoyle (D:11)
  A smoke demon (Abyss:3)
  A troll (D:11)
  2 hippogriffs
  3 hornets
  2 raiju (Abyss:2)
  A flying skull (Abyss:2)
  A human (D:7)
  6 yaks
  2 chaos spawn (Abyss:2)
  A spatial vortex (Abyss:2)
  4 wargs (D:9)
  A water moccasin (D:7)
  2 black bears
  2 orc warriors
  2 ice beasts
  2 sky beasts
  2 phantoms
  A necrophage (D:10)
  4 ogres
  2 centaurs
  A lemure (D:4)
  2 crocodiles
  10 big kobolds (D:9)
  5 bullfrogs
  A gnoll sergeant (D:10)
  6 small abominations
  A scorpion (D:10)
  4 howler monkeys (D:9)
  10 orc wizards
  A centaur skeleton (D:5)
  3 hounds
  4 orc priests
  2 jellies
  A gnoll shaman (D:7)
  An iguana (D:5)
  Terence (D:2)
  3 worker ants
  4 hound skeletons
  A howler monkey zombie (D:10)
  A worker ant zombie (D:7)
  Robin (D:4)
  17 gnolls
  12 adders
  4 shadow imps
  4 white imps
  An ooze (D:5)
  An adder skeleton (D:4)
  3 adder zombies
  5 worms
  A dart slug (D:2)
  4 leopard geckos
  35 orcs
  10 bats
  11 giant cockroaches
  13 goblins
  8 hobgoblins
  8 jackals
  26 kobolds
  3 quokkas
  A ball python (D:3)
  6 frilled lizards
  6 kobold skeletons (D:9)
  12 kobold zombies (D:9)
  A leopard gecko skeleton (D:4)
  11 rats
315 creatures vanquished.

Vanquished Creatures (others)
  A kobold (D:9)
1 creature vanquished.

Grand Total: 316 creatures vanquished

Notes
Turn   | Place    | Note
-------+----------+-------------------------------------------
     0 | D:1      | ANON1729 the Kobold Brigand began the quest for the Orb.
     0 | D:1      | Reached XP level 1. HP: 12/12 MP: 1/1
    77 | D:1      | Reached XP level 2. HP: 18/18 MP: 2/2
   788 | D:1      | Reached XP level 3. HP: 22/22 MP: 3/3
  1314 | D:2      | Noticed Terence
  1331 | D:2      | Killed Terence
  1331 | D:2      | Reached skill level 6 in Stealth
  1331 | D:2      | Reached XP level 4. HP: 27/27 MP: 4/4
  1371 | D:2      | Reached XP level 5. HP: 9/32 MP: 5/5
  3405 | D:3      | Reached XP level 6. HP: 26/37 MP: 6/6
  3517 | D:4      | HP: 1/37 [orc priest/nerve-wracking pain (4)]
  3518 | D:4      | Reached skill level 7 in Stealth
  4038 | D:4      | Noticed Robin
  4190 | D:4      | Killed Robin
  4190 | D:4      | Reached skill level 5 in Short Blades
  4494 | D:3      | Reached XP level 7. HP: 31/41 MP: 7/7
  4836 | D:4      | Noticed Pikel
  4888 | D:4      | Gained mutation: Your flesh is heat resistant. (rF+)
                  | [potion of mutation]
  4888 | D:4      | Gained mutation: Your muscles are strong. (Str +2) [potion
                  | of mutation]
  4888 | D:4      | Gained mutation: You are resistant to electric shocks.
                  | (rElec) [potion of mutation]
  4888 | D:4      | Gained mutation: You are resistant to hostile enchantments.
                  | (MR+) [potion of mutation]
  4925 | D:4      | Killed Pikel
  4925 | D:4      | Reached skill level 8 in Stealth
  4925 | D:4      | Reached XP level 8. HP: 13/48 MP: 8/8
  5503 | D:5      | Entered Level 5 of the Dungeon
  5574 | D:5      | Found a basalt altar of Yredelemnul.
  5584 | D:5      | Reached skill level 9 in Stealth
  6764 | D:5      | Reached XP level 9. HP: 52/52 MP: 9/9
  6822 | D:5      | Found a staircase to the Ecumenical Temple.
  6830 | Temple   | Entered the Ecumenical Temple
  6833 | Temple   | Became a worshipper of the Wu Jian Council
  7078 | D:6      | Found a glowing drain.
  7163 | Sewer    | Entered a sewer
  7270 | D:6      | Found a transporter.
  7273 | D:6      | Noticed anet's ghost (novice GnWn)
  7364 | D:6      | Reached skill level 5 in Throwing
  7364 | D:6      | Reached skill level 5 in Dodging
  7364 | D:6      | Reached skill level 10 in Stealth
  7474 | D:6      | Reached skill level 5 in Fighting
  7491 | D:6      | Found a sparkling altar of Nemelex Xobeh.
  7615 | D:6      | Found a transporter.
  7710 | D:6      | Found Vaaragra's Assorted Antiques.
  7715 | D:6      | Bought a scroll labeled MODGHA TOALEUZ WEO for 32 gold
                  | pieces
  7715 | D:6      | Bought 3 scrolls labeled DAZADI MIESIWK for 96 gold pieces
  7715 | D:6      | Bought a scroll labeled GUCYIT XAXKYL for 32 gold pieces
  7753 | D:6      | Found a shimmering blue altar of Sif Muna.
  7753 | D:6      | Found a shimmering altar of Xom.
  7820 | D:7      | Noticed a hornet
  7824 | D:7      | Killed a hornet
  7829 | D:7      | Found a blossoming altar of Fedhas.
  8348 | D:7      | Reached * piety under Wu Jian
  8576 | D:7      | Found a stormy altar of Qazlal.
  8576 | D:7      | Noticed a hippogriff
  8579 | D:7      | Killed a hippogriff
  8628 | D:7      | Reached skill level 11 in Stealth
  8879 | D:7      | Found a runed translucent door.
  8887 | D:7      | Reached XP level 10. HP: 60/60 MP: 10/10
  8891 | D:7      | Found a runed translucent door.
  8898 | D:7      | Got a smoking robe
  8909 | D:7      | Identified the cursed +0 robe "Vanon" {rN+} (You found it
                  | on level 7 of the Dungeon)
  9121 | D:8      | Found a transporter.
  9209 | D:8      | Found an opulent altar of Gozag.
  9242 | D:8      | Found a snail-covered altar of Cheibriados.
  9442 | D:8      | Found a transporter.
  9443 | D:8      | Noticed a two-headed ogre
  9471 | D:8      | Noticed a cyclops
  9483 | D:8      | Noticed a death knight
  9934 | D:8      | Found a white marble altar of Elyvilon.
 10151 | D:8      | Noticed a death yak
 11113 | D:8      | Noticed a death yak
 11114 | D:8      | Noticed a death yak
 11116 | D:8      | Noticed a death yak
 11117 | D:8      | Noticed a death yak
 11726 | D:8      | Noticed a death yak
 11732 | D:8      | Noticed a death yak
 11789 | D:8      | Noticed a death yak
 11948 | D:9      | Noticed a two-headed ogre
 12137 | D:9      | Killed a two-headed ogre
 12137 | D:9      | Reached skill level 10 in Short Blades
 12209 | D:9      | Reached skill level 12 in Stealth
 12232 | D:9      | Found a runed translucent gate.
 12233 | D:9      | Found a runed translucent gate.
 12234 | D:9      | Found an opulent altar of Gozag.
 12234 | D:9      | Found a runed translucent gate.
 12240 | D:9      | Found Lehitaonu's Armour Shop.
 12267 | D:9      | Found a staircase to the Orcish Mines.
 12322 | D:9      | Reached ** piety under Wu Jian
 12564 | D:9      | Noticed an eight-headed hydra
 12565 | D:9      | Noticed Utoh's ghost (novice DsTm)
 12611 | D:9      | Found a shattered altar of Ashenzari.
 12873 | D:9      | Found a sparkling altar of Nemelex Xobeh.
 13446 | D:9      | Found an ancient bone altar of Kikubaaqudgha.
 13446 | D:9      | Noticed a kobold demonologist
 13486 | D:9      | Reached *** piety under Wu Jian
 13590 | D:9      | Reached XP level 11. HP: 58/66 MP: 11/11
 13703 | D:10     | Entered Level 10 of the Dungeon
 13754 | D:10     | Noticed a two-headed ogre
 13808 | D:10     | Killed a two-headed ogre
 13808 | D:10     | Reached skill level 13 in Stealth
 14939 | D:10     | Found a runed translucent gate.
 14939 | D:10     | Found a runed translucent gate.
 14940 | D:10     | Found a runed translucent gate.
 15094 | D:10     | Noticed Ge0ff's ghost (journeyman HuEn)
 15099 | D:10     | Killed Ge0ff's ghost
 15935 | D:11     | Noticed an unseen horror
 15939 | D:11     | Killed an unseen horror
 16134 | D:11     | Reached skill level 14 in Stealth
 16147 | D:11     | Noticed Erolcha
 16148 | D:11     | Noticed an eight-headed hydra
 16148 | D:11     | Cast into level 2 of the Abyss (Erolcha)
 16149 | Abyss:2  | Noticed a wretched star
 16149 | Abyss:2  | Killed a wretched star
 16167 | Abyss:2  | Reached XP level 12. HP: 73/73 MP: 12/12
 16261 | Abyss:2  | Noticed a revenant
 16472 | Abyss:2  | Noticed a thrashing horror
 16477 | Abyss:2  | Gained mutation: You tend to lose your temper in combat. [a
                  | neqoxec]
 16479 | Abyss:2  | Noticed a wretched star
 16480 | Abyss:2  | Gained mutation: Scrolls take you a little longer to read.
                  | [a neqoxec]
 16482 | Abyss:2  | Noticed a starcursed mass
 16488 | Abyss:2  | Noticed a large abomination
 16489 | Abyss:2  | Lost mutation: Your muscles are strong. (Str +2) [potion of
                  | mutation]
 16489 | Abyss:2  | Lost mutation: You are resistant to hostile enchantments.
                  | (MR+) [potion of mutation]
 16489 | Abyss:2  | Lost mutation: Scrolls take you a little longer to read.
                  | [potion of mutation]
 16489 | Abyss:2  | Gained mutation: Armour fits poorly on your strangely
                  | shaped body. [potion of mutation]
 16489 | Abyss:2  | Gained mutation: You evolve. [potion of mutation]
 16530 | Abyss:2  | Got a masterwork ring mail
 16583 | Abyss:2  | Found a corrupted altar of Lugonu.
 16850 | Abyss:2  | Noticed a spatial maelstrom
 16870 | Abyss:3  | Found a corrupted altar of Lugonu.
 16936 | Abyss:3  | Noticed a lich
 17061 | Abyss:3  | Learned a level 2 spell: Blink
 17075 | Abyss:3  | Noticed a wretched star
 17082 | Abyss:3  | Killed from afar by a wretched star

Illustrated notes

Levels and vault maps discovered:
D:1:      tarquinn_simple_flora_water_f, layout_rooms
D:2:      layout_loops_ring, kennysheep_generic_room_7, uniq_terence
D:3:      layout_basic
D:4:      layout_basic, uniq_robin, uniq_pikel
D:5:      layout_loops_ring, yredelemnul_altar_generic,
          minmay_temple_entry_nine_rooms
D:6:      layout_rooms, lemuel_round_altar, gammafunk_temple_overflow_elements,
          gammafunk_ghost_arena, serial_shops, nicolae_shop_crystal,
          cheibrodos_sewer_entry_drain
D:7:      lemuel_insect_pit, layout_loops_ring, old_standard_altar,
          fedhas_altar_4
D:8:      layout_basic, gammafunk_temple_overflow_arena,
          overflow_temple_1_default, nicolae_overflow_hidden_temple,
          dpeg_lair_monsters, special_room [special_room_orc],
          serial_bayou_crossing
D:9:      wander_kiku_kobolds, layout_irregular_city,
          nicolae_ashenzari_panopticon, minmay_orc_entry_guard_dogs,
          serial_shops, nicolae_shop_crystal, ebering_ghost_gozag,
          nemelex_lonely_heart_becter
D:10:     layout_small_grid, ebering_ghost_rock_garden
D:11:     layout_small_grid, uniq_erolcha
Temple:   nicolae_temple_hex_pool
Abyss:3:  base: D:2, base: D:1, base: D:12, hangedman_abyss_shoalhut,
          evilmike_abyss_rune_siren_acolytes, evilmike_abyss_exit_6,
          evilmike_abyss_rune_siren_acolytes, hangedman_decor_lopped,
          evilmike_abyss_exit_mutagenic

Skill      XL: |  1  2  3  4  5  6  7  8  9 10 11 12 |
---------------+-------------------------------------+-----
Short Blades   | 3 4 5 6 7 9 11 12 | 12.8
Dodging        | 2 3 4 5 7 8 |  8.6
Stealth        | 6 7 8 9 11 12 14 | 14.4
Fighting       | 3 4 5 6 7 8 |  8.1
Throwing       | 3 4 5 6 7 8 |  8.0

Action                   |  1- 3 |  4- 6 |  7- 9 | 10-12 || total
-------------------------+-------+-------+-------+-------++-------
Melee: Dagger            |    83 |   331 |   366 |   979 ||  1759
       Club              |       |       |    16 |       ||    16
Throw: Dart              |     6 |    23 |       |    26 ||    55
Invok: Lunge             |       |       |    24 |    58 ||    82
       Whirlwind         |       |       |       |   111 ||   111
       Serpent's Lash    |       |       |       |    17 ||    17
 Abil: Wall Jump         |       |       |       |     2 ||     2
Evoke: Wand              |       |       |       |     3 ||     3
  Use: Potion            |       |       |     5 |    15 ||    20
       Scroll            |       |       |       |    17 ||    17
 Stab: Sleeping          |    12 |    17 |    37 |    44 ||   110
       Distracted        |       |     2 |     3 |     8 ||    13
       Invisible         |       |       |       |     2 ||     2
Armor: Robe              |     4 |    54 |    24 |    54 ||   136
       Skin              |       |       |     8 |    16 ||    24
Dodge: Dodged            |    33 |   217 |   178 |   410 ||   838

Table legend: (Time is in decaauts)
 A = Elapsed time spent in this place.
 B = Non-inter-level travel time spent in this place.
 C = Inter-level travel time spent in this place.
 D = Time resting spent in this place.
 E = Time spent auto-exploring this place.
 F = Levels seen in this place.
 G = Mean time per level.
                   A        B        C        D        E       F      G
               +--------+--------+--------+--------+--------+-----+--------+
         Total |  16553 |  16009 |    544 |   6176 |   6019 |  15 | 1103.5 |
       Dungeon |  15386 |  14862 |    524 |   5903 |   5742 |  11 | 1398.7 |
        Temple |    161 |    141 |     20 |      0 |    138 |   1 |  161.0 |
         Abyss |    896 |    896 |      0 |    272 |     57 |   2 |  448.0 |
         Sewer |    109 |    109 |      0 |      0 |     82 |   1 |  109.0 |
               +--------+--------+--------+--------+--------+-----+--------+

Top non-repeatable levels by time:
     D:7: 2057 daAuts
    D:10: 1788 daAuts
     D:9: 1778 daAuts
     D:3: 1658 daAuts
     D:4: 1599 daAuts
     D:2: 1576 daAuts
     D:8: 1468 daAuts
     D:6: 1190 daAuts
     D:5: 1121 daAuts
     D:1: 791 daAuts
 Abyss:2: 678 daAuts
    D:11: 356 daAuts
 Abyss:3: 217 daAuts
  Temple: 161 daAuts
   Sewer: 109 daAuts
